 Dungeon Crawl Stone Soup version 0.23.0-42-geed6394480 (webtiles) character file.

Game seed: 11949415110467273495

17763 Forgol the Carver (level 12, 0/106 HPs)
             Began as a Minotaur Fighter on Mar 1, 2019.
             Was a High Priest of Okawaru.
             Succumbed to a black mamba's poison
             ... on level 1 of the Lair of Beasts.
             The game lasted 00:31:26 (11238 turns).

Forgol the Carver (Minotaur Fighter)               Turns: 11238, Time: 00:31:26

Health: 0/106      AC: 24    Str: 23 (25) XL:     12   Next: 21%
Magic:  11/17      EV:  5    Int:  6 (8)  God:    Okawaru [*****.]
Gold:   477        SH:  9    Dex: 14 (16) Spells: 11/11 levels left

rFire    . . .     SeeInvis +   g - +3 scimitar (flame)
rCold    . . .     Gourm    .   c - +1 shield
rNeg     . . .     Faith    .   B - +8 orange crystal plate armour {Archmagi, Int+3 Clar}
rPois    .         Spirit   +   (helmet restricted)
rElec    .         Reflect  .   A - scarf {Spirit}
rCorr    .         Harm     .   (no gloves)
MR       +....     Clarity  +   b - +1 pair of boots {Stlth+}
Stlth    ..........             (no amulet)
HPRegen  0.27/turn              m - ring of see invisible
MPRegen  0.15/turn              p - ring of protection from magic

@: agile, lethally poisoned (0 -> -2), extremely drained
A: retaliatory headbutt, horns 2
a: Heroism, Finesse, Renounce Religion


You were on level 1 of the Lair of Beasts.
You worshipped Okawaru.
Okawaru was extremely pleased with you.
You were not hungry.

You visited 3 branches of the dungeon, and saw 12 of its levels.

You collected 705 gold pieces.
You spent 228 gold pieces at shops.

Inventory:

Hand Weapons
 g - a +3 scimitar of flaming (weapon)
Missiles
 D - 7 tomahawks (quivered)
 J - 6 steel javelins
Armour
 b - a +1 pair of boots of stealth (worn)
 c - a +1 shield (worn)
 s - a +0 pair of boots
 w - the +7 chain mail of Zaumomus {+Fly Int+2 Dex+2}
   (You bought it in a shop on level 4 of the Dungeon)

   It affects your intelligence (+2).
   It affects your dexterity (+2).
   It lets you fly.
 A - a scarf of spirit shield (worn)
 B - the +8 orange crystal plate armour (worn) {Archmagi, Int+3 Clar}
   (You found it on level 10 of the Dungeon)

   It affects your intelligence (+3).
   It protects you against confusion.
 L - the +8 chain mail of Okawaru's Hatred {Str+3 Int+4}
   (Okawaru gifted it to you on level 1 of the Lair of Beasts)

   It affects your strength (+3).
   It affects your intelligence (+4).
Magical Staves
 C - an uncursed staff of cold {unknown}
Jewellery
 d - a +3 ring of intelligence
 l - an uncursed ring of ice
 m - a ring of see invisible (left hand)
 p - a ring of protection from magic (right hand)
 r - an uncursed ring of ice
 z - an uncursed ring of stealth
 E - an uncursed ring of wizardry
Wands
 a - a wand of acid (6)
 h - a wand of flame (12)
 y - a wand of polymorph (9)
Scrolls
 e - 2 scrolls of magic mapping
 k - 7 scrolls of remove curse
 n - 3 scrolls of fear
 o - 4 scrolls of teleportation
 v - 6 scrolls of identify
Potions
 j - 3 potions of cancellation
 q - 3 potions of flight
 t - a potion of brilliance
 F - a potion of ambrosia
Miscellaneous
 H - a box of beasts
 K - a phial of floods
Comestibles
 f - 26 rations
 i - 5 chunks of flesh


   Skills:
 + Level 9.8(0.0) Fighting
 * Level 13.3(0.0) Long Blades
 * Level 9.9(0.0) Armour
 + Level 6.2(0.0) Dodging
 + Level 9.8(0.0) Shields
 + Level 8.8(0.0) Invocations


You had 11 spell levels left.
You didn't know any spells.
Your spell library contained the following spells:

 Spells                   Type           Power        Failure   Level  Hunger
 Beastly Appendage        Tmut           #.....       100%        1    ##.....
 Sticks to Snakes         Tmut           #.......     100%        2    ###....
 Spider Form              Tmut/Pois      #.........   100%        3    ####...
 Ice Form                 Ice/Tmut       #.......     100%        4    #####..
 Blade Hands              Tmut           #.........   100%        5    ######.


Dungeon Overview and Level Annotations

Branches:
Dungeon (10/15)            Temple (1/1) D:6            Lair (1/6) D:8
    Orc: D:9-12

Altars:
Ashenzari
Cheibriados
Dithmenos
Elyvilon
Fedhas
Gozag
Hepliaklqana
Kikubaaqudgha
Makhleb
Nemelex Xobeh
Okawaru
Qazlal
Ru
Sif Muna
Trog
Uskayaw
Vehumet
Wu Jian
Xom
Yredelemnul
Zin
The Shining One

Shops:
D:4 [!   D:9 *

Annotations:
D:8 Sonja


Innate Abilities, Weirdness & Mutations

You reflexively headbutt those who attack you in melee.
You have a pair of horns on your head.


Message History

Okay, then.
You feel agile all of a sudden.
* * * LOW HITPOINT WARNING * * *
You feel sick. You block the black mamba's attack.
* * * LOW HITPOINT WARNING * * *
You feel sick. You block the black mamba's attack.
You block the black mamba's attack.
Things that are here:
a crocodile skeleton; a bullfrog skeleton; a water moccasin skeleton
* * * LOW HITPOINT WARNING * * *
You feel sick.
The black mamba bites you but does no damage.
* * * LOW HITPOINT WARNING * * *
You feel sick.
The black mamba bites you but does no damage.
It was a potion of degeneration.
There was something very wrong with that liquid.
You feel weakened.
You feel dopey.
You feel clumsy. You block the black mamba's attack.
You die...

.#P.≈.≈≈≈≈≈..#.###### #......#≈#
.#≈≈≈≈≈≈≈≈≈≈.#.# #......#≈#.
.#.≈≈≈≈≈≈≈≈≈.#.# #......#≈#.
...≈≈≈≈≈≈≈≈.#..# #.......≈..
...≈≈≈≈≈≈≈..##.## #.......≈..
.##.≈≈≈≈.≈.###..# ##>...+..≈..
.###.......###..######.....#.###.
..................S÷.............
##.###.##......#@#####...........
.### ###.......## #......>.... ##
#....... ##....#..... #
####......# #..........
#####.P##...... #....#.....
(.............. #.......^..
((((.......... .......#.###
.............. .............
########### #.#.###.#####


You could see a black mamba.

Vanquished Creatures
  Snorg (D:10)
  Fannar (D:10)
  Harold (D:9)
  Erolcha (D:10)
  A two-headed ogre (D:10)
  A centaur warrior (D:10)
  Erica (D:10)
  A death knight (D:10)
  An unseen horror (D:10)
  An orc knight (D:10)
  Pikel (D:9)
  Maurice (D:8)
  Psyche (D:9)
  2 centaur zombies (D:10)
  2 spiny frogs (Lair:1)
  A rime drake (Lair:1)
  7 centaur skeletons
  An efreet (D:10)
  A komodo dragon (Lair:1)
  2 trolls
  4 hippogriffs
  Sigmund (D:3)
  A wraith (D:10)
  A human (D:8)
  A wyvern (D:8)
  4 hogs
  A hungry ghost (D:8)
  A soldier ant (D:10)
  A water moccasin (Lair:1)
  6 orc warriors
  2 ice beasts
  2 sky beasts
  7 ogres
  A phantom (D:5)
  A necrophage (D:9)
  A wolf (D:8)
  4 centaurs
  3 crocodiles (Lair:1)
  2 big kobolds
  10 bullfrogs
  5 scorpions
  6 killer bees
  A spriggan skeleton (D:10)
  7 howler monkeys
  An electric eel (Lair:1)
  A troll skeleton (D:10)
  6 crimson imps
  A wyvern simulacrum (D:10)
  A bullfrog zombie (D:6)
  11 hounds
  5 orc priests
  7 orc wizards
  3 bullfrog skeletons
  A gnoll shaman (D:7)
  Terence (D:3)
  2 iguanas
  10 worker ants
  A hound zombie (D:10)
  A hound skeleton (D:4)
  A worker ant zombie (D:5)
  12 gnolls
  A howler monkey zombie (D:10)
  15 adders
  4 shadow imps
  An adder skeleton (D:8)
  An adder zombie (D:7)
  2 worms (D:2)
  2 dart slugs
  3 leopard geckos
  48 orcs
  4 ball pythons
  12 giant cockroaches
  8 goblins
  12 hobgoblins
  2 jackals (D:2)
  4 quokkas
  7 bats
  4 frilled lizards
  A giant cockroach zombie (D:6)
  18 kobolds
  A quokka zombie (D:9)
  8 rats
325 creatures vanquished.

Vanquished Creatures (others)
  2 slaves (D:9)
  A centaur (D:9)
  A hound (D:9)
  An adder (D:9)
  A fungus (Lair:1)
6 creatures vanquished.

Grand Total: 331 creatures vanquished

Notes
Turn   | Place    | Note
-------+----------+-------------------------------------------
     0 | D:1      | Forgol the Minotaur Fighter began the quest for the Orb.
     0 | D:1      | Reached XP level 1. HP: 19/19 MP: 0/0
    55 | D:1      | Reached skill level 3 in Long Blades
   192 | D:1      | Reached XP level 2. HP: 26/26 MP: 1/1
   359 | D:1      | Reached skill level 4 in Long Blades
   624 | D:2      | Reached XP level 3. HP: 30/31 MP: 2/2
   814 | D:2      | Reached skill level 5 in Long Blades
   897 | D:2      | Reached XP level 4. HP: 40/40 MP: 3/3
  1115 | D:2      | Reached skill level 1 in Dodging
  1345 | D:3      | Noticed Terence
  1355 | D:3      | Killed Terence
  1355 | D:3      | Reached XP level 5. HP: 46/46 MP: 4/4
  1574 | D:3      | Reached skill level 6 in Long Blades
  1683 | D:3      | Reached XP level 6. HP: 52/52 MP: 5/5
  1762 | D:3      | Noticed Sigmund
  1778 | D:3      | Killed Sigmund
  2183 | D:4      | Found Tootudiu's Distillery.
  2593 | D:4      | Reached XP level 7. HP: 48/60 MP: 6/6
  2700 | D:4      | Found an ancient bone altar of Kikubaaqudgha.
  2702 | D:4      | Found a shimmering altar of Xom.
  2736 | D:4      | Found an opulent altar of Gozag.
  2859 | D:4      | Found Ciam Bul's Antique Armour Emporium.
  2870 | D:4      | Reached skill level 7 in Long Blades
  2870 | D:4      | Reached skill level 5 in Shields
  3258 | D:5      | Entered Level 5 of the Dungeon
  3264 | D:5      | Reached skill level 5 in Fighting
  3335 | D:5      | Found a hazy altar of Hepliaklqana.
  3441 | D:5      | Reached skill level 5 in Armour
  3721 | D:5      | Found a hazy altar of Hepliaklqana.
  3880 | D:5      | Reached XP level 8. HP: 58/69 MP: 7/7
  4096 | D:4      | Bought a smoking chain mail for 228 gold pieces
  4106 | D:4      | Identified the +7 chain mail of Zaumomus {+Fly Int+2 Dex+2}
                  | (You bought it in a shop on level 4 of the Dungeon)
  4186 | D:6      | Reached skill level 8 in Long Blades
  4217 | D:6      | Noticed a hippogriff
  4240 | D:6      | Killed a hippogriff
  4255 | D:6      | Found a staircase to the Ecumenical Temple.
  4276 | Temple   | Entered the Ecumenical Temple
  4383 | Temple   | Became a worshipper of Warmaster Okawaru
  4434 | D:6      | Found an ornate altar of the Wu Jian Council.
  5051 | D:7      | Reached skill level 9 in Long Blades
  5119 | D:7      | Reached skill level 1 in Invocations
  5295 | D:7      | Reached XP level 9. HP: 61/78 MP: 2/9
  6043 | D:8      | Reached * piety under Okawaru
  6060 | D:8      | Reached skill level 10 in Long Blades
  6070 | D:8      | Noticed Maurice
  6262 | D:8      | Reached ** piety under Okawaru
  6516 | D:8      | Found a hazy altar of Hepliaklqana.
  6562 | D:8      | Reached XP level 10. HP: 66/86 MP: 10/12
  6683 | D:8      | Reached skill level 5 in Invocations
  6815 | D:8      | Killed Maurice
  6874 | D:8      | Found a glowing golden altar of the Shining One.
  6922 | D:8      | Reached *** piety under Okawaru
  6922 | D:8      | Reached skill level 11 in Long Blades
  6966 | D:8      | Found a staircase to the Lair.
  7259 | D:9      | Noticed Pikel
  7274 | D:9      | Killed Pikel
  7326 | D:9      | Noticed Harold
  7343 | D:9      | Killed Harold
  7375 | D:9      | Reached **** piety under Okawaru
  7507 | D:9      | Noticed Psyche
  7554 | D:9      | Received a gift from Okawaru
  7607 | D:9      | Killed Psyche
  7607 | D:9      | Reached XP level 11. HP: 95/95 MP: 12/15
  7662 | D:9      | Found Tizxewn's Assorted Antiques.
  7985 | D:10     | Entered Level 10 of the Dungeon
  8219 | D:10     | Noticed an orc knight
  8225 | D:10     | Noticed Erica
  8628 | D:9      | Reached skill level 12 in Long Blades
  8778 | D:10     | Killed Erica
  8795 | D:10     | Killed an orc knight
  8803 | D:10     | Noticed Erolcha
  9040 | D:10     | Killed Erolcha
  9044 | D:10     | Reached skill level 5 in Dodging
  9203 | D:10     | Reached ***** piety under Okawaru
  9670 | D:10     | Noticed Fannar
  9688 | D:10     | Killed Fannar
  9753 | D:10     | Noticed Snorg
  9764 | D:10     | Killed Snorg
  9802 | D:10     | Noticed a two-headed ogre
  9811 | D:10     | Killed a two-headed ogre
  9920 | D:10     | Noticed a centaur warrior
  9920 | D:10     | Noticed a death knight
  9927 | D:10     | Killed a centaur warrior
  9940 | D:10     | Killed a death knight
  9940 | D:10     | Reached skill level 13 in Long Blades
  9947 | D:10     | Found the +8 orange crystal plate armour {Archmagi, Int+3
                  | Clar}
 10213 | D:10     | Noticed an unseen horror
 10225 | D:10     | Killed an unseen horror
 10225 | D:10     | Reached XP level 12. HP: 105/105 MP: 17/17
 10341 | Lair:1   | Entered Level 1 of the Lair of Beasts
 10521 | Lair:1   | Received a gift from Okawaru
 10522 | Lair:1   | Got a crude chain mail {god gift}
 10575 | Lair:1   | Identified the +8 chain mail of Okawaru's Hatred {Str+3
                  | Int+4} (Okawaru gifted it to you on level 1 of the Lair of
                  | Beasts)
 10752 | Lair:1   | Noticed Sonja
 11231 | Lair:1   | HP: 3/106 [black mamba (4)]
 11235 | Lair:1   | HP: 1/106 [poisoned by a black mamba]
 11238 | Lair:1   | Succumbed to a black mamba's poison

Skill      XL: |  1  2  3  4  5  6  7  8  9 10 11 12 |
---------------+-------------------------------------+-----
Long Blades    | 3 4 5 6 7 9 10 11 13 | 13.3
Dodging        | 1 2 3 4 5 6 |  6.2
Shields        | 4 5 6 7 8 9 |  9.8
Fighting       | 4 5 6 7 8 9 |  9.8
Armour         | 4 5 6 7 8 9 |  9.9
Invocations    | 1 4 6 8 |  8.8

Action                   |  1- 3 |  4- 6 |  7- 9 | 10-12 || total
-------------------------+-------+-------+-------+-------++-------
Melee: Long sword        |    93 |   141 |   367 |   241 ||   842
       Headbutt          |    12 |    20 |    91 |   108 ||   231
       Scimitar          |       |       |       |   252 ||   252
Invok: Heroism           |       |       |     3 |    19 ||    22
       Finesse           |       |       |       |     1 ||     1
 Abil: Evoke Flight      |       |       |       |     1 ||     1
  Use: Scroll            |     3 |    11 |     5 |     8 ||    27
       Potion            |       |     1 |     1 |     7 ||     9
  Eat: Chunk             |       |     5 |     7 |     8 ||    20
       Ration            |       |       |     2 |     3 ||     5
Armor: Scale mail        |    40 |    58 |    31 |       ||   129
       Chain mail        |       |       |   138 |    94 ||   232
       Crystal plate arm |       |       |       |   230 ||   230
Dodge: Dodged            |    20 |    40 |   162 |   112 ||   334
Block: Shield            |    44 |    66 |   254 |   310 ||   674
       Rpst.: Long sword |     4 |    10 |    40 |    13 ||    67
       Scimitar          |       |       |       |    10 ||    10
